 Dungeon Crawl Stone Soup version 0.28-a0-779-g3d1f99b579 (webtiles) character file.

Game seed: 2349139167075197786

124039 ytrimaz the Severer (level 16, -10/130 HPs)
             Began as a Demonspawn Fighter on Nov 2, 2021.
             Was the Champion of Okawaru.
             Mangled by a spriggan rider (13 damage)
             ... while paralysed by a fenstrider witch
             ... on level 2 of the Swamp.
             The game lasted 00:51:06 (30418 turns).

ytrimaz the Severer (Demonspawn Fighter)           Turns: 30418, Time: 00:51:07

Health: -10/130    AC: 33    Str: 31    XL:     16   Next: 38%
Magic:  25/25      EV:  2    Int: 15    God:    Okawaru [******]
Gold:   2910       SH:  0    Dex: 22    Spells: 6/15 levels left

rFire   + . .      SeeInvis +   M - +7 broad axe (spect)
rCold   . . .      Faith    .   N - +2 buckler
rNeg    + . .      Spirit   .   O - +8 plate armour of the Lair of Beasts {Fly rPois Str-2 Dex+7}
rPois   +          Reflect  +   (helmet unavailable)
rElec   +          Harm     .   u - +0 cloak
rCorr   .          Rampage  .   s - +0 pair of gloves
Will    +....                   L - +0 pair of boots of Okawaru's Grace {SInv}
Stlth   ..........              K - amulet of Cenashrutro {Reflect rElec Str+4 Int-2 Dex+2 SH+5}
HPRegen 0.31/turn               k - ring "Coheuhol" {rPois rF+ Str+5}
MPRegen 0.19/turn               f - ring of Vynt {rN+ AC+4 Str+2 Int+6}

@: paralysed, flying
A: antennae 3, icy blue scales 2, spiny 3, augmentation 1, condensation shield,
sturdy frame 1
a: Renounce Religion, Heroism, Finesse, Duel


You were on level 2 of the Swamp.
You worshipped Okawaru.
Okawaru was exalted by your worship.
You visited 6 branches of the dungeon, and saw 27 of its levels.
You also visited: Gauntlet.

You collected 3293 gold pieces.
You spent 383 gold pieces at shops.

Inventory:

Hand Weapons
 z - a +1 broad axe of draining
 M - a +7 spectral broad axe (weapon)
 P - a +2 war axe of flaming
 U - a +0 war axe of freezing
Missiles
 v - 4 throwing nets (quivered)
Armour
 i - +0 ice dragon scales
 s - a +0 pair of gloves (worn)
 u - a +0 cloak (worn)
 w - a +1 kite shield of reflection
 L - the +0 pair of boots of Okawaru's Grace (worn) {SInv}
   (Okawaru gifted it to you on level 10 of the Dungeon)

   SInv:      It lets you see invisible.
 N - a +2 buckler (worn)
 O - the +8 plate armour of the Lair of Beasts (worn) {Fly rPois Str-2 Dex+7}
   (Okawaru gifted it to you on level 14 of the Dungeon)

   Str:       It affects your strength (-2).
   Dex:       It affects your dexterity (+7).
   rPois:     It protects you from poison.
   Fly:       It grants you flight.
 T - a +0 tower shield
Jewellery
 d - a ring of positive energy
 f - the ring of Vynt (right hand) {rN+ AC+4 Str+2 Int+6}
   (You found it in a Gauntlet)

   [ring of protection]

   AC:        It affects your AC (+4).
   Str:       It affects your strength (+2).
   Int:       It affects your intelligence (+6).
   rN:        It protects you from negative energy.
 j - a +4 ring of protection
 k - the ring "Coheuhol" (left hand) {rPois rF+ Str+5}
   (You found it in a Gauntlet)

   [ring of protection from fire]

   Str:       It affects your strength (+5).
   rF:        It protects you from fire.
   rPois:     It protects you from poison.
 l - a +6 ring of dexterity
 n - a +4 ring of slaying
 H - a +6 ring of dexterity
 K - the amulet of Cenashrutro (around neck) {Reflect rElec Str+4 Int-2 Dex+2 SH+5}
   (You found it on level 9 of the Dungeon)

   [amulet of reflection]

   It reflects blocked missile attacks.
   Str:       It affects your strength (+4).
   Int:       It affects your intelligence (-2).
   Dex:       It affects your dexterity (+2).
   rElec:     It insulates you from electricity.
   SH:        It affects your SH (+5).
 Q - a ring of willpower
 W - a ring of protection from fire
 X - a ring of positive energy
Wands
 g - a wand of paralysis (12)
 r - a wand of flame (9)
 y - a wand of iceblast (58)
 A - a wand of polymorph (21)
 I - a wand of acid (45)
 J - a wand of digging (13)
Scrolls
 b - 6 scrolls of identify
 e - 7 scrolls of amnesia
 h - 10 scrolls of teleportation
 m - a scroll of fog
 q - 4 scrolls of magic mapping
 B - 5 scrolls of enchant armour
 C - 4 scrolls of brand weapon
 E - 5 scrolls of fear
 Z - 2 scrolls of blinking
Potions
 a - 4 potions of flight
 c - 4 potions of might
 o - 2 potions of magic
 p - 6 potions of curing
 t - a potion of brilliance
 x - a potion of resistance
 D - 11 potions of ambrosia
 F - 2 potions of cancellation
 G - a potion of haste
 R - 3 potions of heal wounds
 S - a potion of invisibility
 V - 3 potions of mutation
 Y - a potion of attraction


   Skills:
 * Level 13.1 Fighting
 * Level 16.3 Axes
 + Level 9.4 Armour
 - Level 10.0 Dodging
 * Level 9.4 Shields
 - Level 5.7 Unarmed Combat
 * Level 5.4 Necromancy
 - Level 12.0 Invocations


You had 6 spell levels left.
You knew the following spells:

 Your Spells              Type           Power      Damage    Failure   Level
a - Manifold Assault      Tloc           0%         N/A       100%        5
b - Dispel Undead         Necr           16%        3d10      80%         4

Your spell library contained the following spells:

 Spells                   Type           Power      Damage    Failure   Level
 Corpse Rot               Necr/Air       16%        N/A       54%         2
 Apportation              Tloc           0%         N/A       77%         1
 Foxfire                  Conj/Fire      0%         2x1d4     77%         1
 Freeze                   Ice            0%         1d3       77%         1
 Magic Dart               Conj           0%         1d3       77%         1
 Sting                    Tmut/Pois      0%         1d3       77%         1
 Blink                    Tloc           0%         N/A       88%         2
 Ensorcelled Hibernation  Hex/Ice        0%         N/A       88%         2
 Poisonous Vapours        Pois/Air       0%         N/A       88%         2
 Searing Ray              Conj           0%         2d4       88%         2
 Static Discharge         Conj/Air       0%         N/A       88%         2
 Mephitic Cloud           Conj/Pois/Air  0%         N/A       98%         3
 Spider Form              Tmut/Pois      0%         N/A       98%         3
 Fulminant Prism          Conj/Hex       0%         3d6       100%        4
 Olgreb's Toxic Radiance  Pois           0%         N/A       100%        4
 Petrify                  Tmut/Erth      0%         N/A       100%        4
 Sticky Flame             Conj/Fire      0%         2d3       100%        4
 Metabolic Englaciation   Hex/Ice        0%         N/A       100%        5
 Statue Form              Tmut/Erth      0%         N/A       100%        6
 Ozocubu's Refrigeration  Ice            0%         4d5       100%        7
 Storm Form               Tmut/Air       0%         N/A       100%        7
 Animate Skeleton         Necr           Unusable   N/A       N/A         1
 Summon Small Mammal      Summ           Unusable   N/A       N/A         1
 Call Imp                 Summ           Unusable   N/A       N/A         2
 Death Channel            Necr           Unusable   N/A       N/A         6

Dungeon Overview and Level Annotations

Branches:
Dungeon (15/15)            Temple (0/1) D:4            Lair (6/6) D:11
  Swamp (2/4) Lair:4        Snake (1/4) Lair:3        Slime (0/5) Lair:5
    Orc (2/2) D:12            Elf (1/3) Orc:2        Vaults (0/5) D:14
 Depths (0/4) D:15        Gauntlet (visited)

Altars:
Cheibriados
Dithmenos
Elyvilon
Gozag
Makhleb
Okawaru
Qazlal
Sif Muna
Trog
Uskayaw
Xom
The Shining One
Beogh

Shops:
D:7 (   D:10 =   Orc:2 **=?(


Innate Abilities, Weirdness & Mutations

You have a pair of large antennae on your head. (SInv)
You are mostly covered in icy blue scales. (AC +3)
You are completely covered in sharp spines.
Your magical and physical power is slightly enhanced at high health.
A meltable shield of frost defends you. (SH +4)
Your movements are slightly less encumbered by armour. (ER -2)


Message History

The spriggan druid shouts!
The spriggan rider shouts!
The fenstrider witch shouts!
You block the spriggan rider's attack.
There is a stone staircase leading down here.
You slice the spriggan rider!!
The spriggan rider is heavily wounded.
The spriggan rider blocks your +7 spectral broad axe's attack.
The spriggan rider misses your +7 spectral broad axe.
Unknown command.
You block the spriggan rider's attack.
The spriggan druid calls out to the beasts of the wild!
A goliath frog comes into view.
The spriggan rider hits you but does no damage.
The fenstrider witch gestures at you while chanting.
You suddenly lose the ability to move!
The spriggan rider hits you from afar with a +0 spear! x2
A swamp drake comes into view.
The spriggan rider hits you from afar with a +0 spear.
A swamp drake comes into view.
The spriggan rider hits you but does no damage. x2
The spriggan rider hits you but does no damage.
The spriggan rider hits you from afar with a +0 spear!
* * * LOW HITPOINT WARNING * * *
The spriggan rider hits you from afar with a +0 spear!
* * * LOW HITPOINT WARNING * * *
The spriggan rider hits you from afar with a +0 spear!
* * * LOW HITPOINT WARNING * * *
The fenstrider witch is struck by your spines.
The fenstrider witch hits you.
* * * LOW HITPOINT WARNING * * *
The fenstrider witch kicks you but does no damage.
The spriggan rider hits you but does no damage.
The swamp drake breathes poison at you.
The noxious blast engulfs the fenstrider witch but does no damage.
The tentacled monstrosity is struck by your spines.
The tentacled monstrosity completely misses you.
The tentacled monstrosity tentacle-slaps you but does no damage. x2
The spriggan rider is engulfed in noxious fumes.
The spriggan rider hits you from afar with a +0 spear!
You die...

♣♣.♣♣ ♣...♣♣
♣....♣♣ ♣♣>....♣♣
♣≈.≈.≈..♣
♣..≈.≈..♣♣
♣§.≈..≈≈.♣♣
♣♣♣♣♣♣≈.≈≈..≈..♣♣
♣......@○○..≈≈≈.♣
≈≈≈≈≈♣X○H○..≈≈≈.♣
.≈≈≈.Fiii○§≈≈≈≈.♣
.♣♣≈≈≈i≈.○≈≈§.≈..
≈≈≈≈≈.≈≈.≈≈≈≈.≈≈.
....≈.≈≈≈≈≈≈k.≈≈.
....≈≈♣♣≈≈♣≈≈k♣≈♣
.≈.... ≈§.≈≈≈≈≈≈≈
..≈≈§. ≈≈....$


You could see a tentacled monstrosity, a fenstrider witch, 3 spriggan riders, a
spriggan druid, a goliath frog and 2 swamp drakes.

Vanquished Creatures
  An ironbound preserver (D:14)
  2 bunyips
  A minotaur (Gauntlet)
  Snorg (Lair:4)
  3 eleionomae (Swamp:1)
  A fire dragon (D:15)
  Josephine (Lair:6)
  Harold (D:10)
  A rakshasa (D:12)
  Erolcha (D:10)
  4 boulder beetles
  12 hydras
  A catoblepas (Lair:4)
  5 centaur warriors
  4 ogre magi (Orc:2)
  A death yak (Lair:4)
  16 two-headed ogres
  5 alligators
  3 tengu warriors
  A hell hog (Gauntlet)
  A deep elf knight (D:14)
  Urug (Lair:3)
  Nergalle (Lair:4)
  Sonja (Lair:4)
  A spriggan druid (Swamp:1)
  A deep elf archer (D:14)
  2 bog bodies (Swamp:1)
  8 deep elf pyromancers
  A necromancer (D:15)
  4 orc knights
  A wolf spider (D:12)
  2 orc sorcerers
  8 ugly things
  2 manticores
  An oklob plant (Lair:3)
  A deep elf zephyrmancer (D:15)
  4 cyclopes
  A moth of wrath (Gauntlet)
  A black mamba (Lair:5)
  23 elephants
  4 centaur zombies
  Maurice (Orc:1)
  A naga mage (D:15)
  4 gargoyles
  10 cane toads
  4 rime drakes
  A torpor snail (Lair:6)
  An unseen horror (D:11)
  10 komodo dragons
  A tengu conjurer (D:13)
  A yaktaur (D:12)
  A yaktaur (shapeshifter) (D:15)
  A queen bee (D:13)
  A bloated husk (Swamp:2)
  2 tyrant leeches (Swamp:1)
  4 trolls
  A meliai (shapeshifter) (D:15)
  6 meliai
  30 blink frogs
  7 polar bears (Lair:6)
  9 hornets
  17 slime creatures
  5 dream sheep (Lair:6)
  A vampire (D:12)
  5 wraiths
  4 redbacks (Gauntlet)
  A shadow (D:11)
  19 spriggans
  2 wyverns
  3 fire bats (Gauntlet)
  59 yaks
  8 basilisks
  9 vampire mosquitoes
  A swamp worm (Swamp:2)
  An acid dragon (D:12)
  3 wargs
  2 nagas (Lair:3)
  13 water moccasins
  2 hell hounds (Gauntlet)
  A swamp drake (Swamp:1)
  2 sky beasts
  17 orc warriors
  3 ice beasts (D:7)
  5 black bears
  22 wolves
  4 boggarts
  26 ogres
  16 centaurs
  A phantom (D:6)
  2 kobold brigands
  7 bullfrogs
  3 scorpions (D:6)
  2 wyvern zombies (D:7)
  2 gnoll sergeants
  A water moccasin zombie (D:6)
  A wyvern skeleton (D:6)
  2 water moccasin skeletons
  33 killer bees
  5 wights (D:6)
  2 electric eels
  4 howler monkeys
  3 jellies
  A bullfrog zombie (D:6)
  2 centaur skeletons
  A hound (D:5)
  A bullfrog skeleton (D:7)
  14 orc priests
  2 gnoll shamans (D:7)
  3 iguanas
  30 orc wizards
  A killer bee zombie (D:7)
  8 adders
  26 gnolls
  A worm (D:2)
  2 dart slugs
  89 orcs
  8 ball pythons
  14 bats
  6 endoplasms
  A giant cockroach (D:1)
  7 goblins
  2 hobgoblins
  17 kobolds
  3 frilled lizards
  9 rats
797 creatures vanquished.

Vanquished Creatures (others)
  A cyclops (D:12)
  3 bloated husks
  A slime creature (D:13)
  19 fungi
  63 plants
87 creatures vanquished.

Grand Total: 884 creatures vanquished

Notes
Turn   | Place    | Note
-------+----------+-------------------------------------------
     0 | D:1      | ytrimaz the Demonspawn Fighter began the quest for the Orb.
     0 | D:1      | Reached XP level 1. HP: 18/18 MP: 1/1
   255 | D:1      | Found a faded altar of an unknown god.
   508 | D:1      | Prayed at the altar of an unknown god.
   508 | D:1      | Became a worshipper of Warmaster Okawaru
   508 | D:1      | Reached * piety under Okawaru
   718 | D:1      | Gained mutation: You are partially covered in icy blue
                  | scales. (AC +2) [demonic ancestry]
   718 | D:1      | Reached XP level 2. HP: 21/24 MP: 2/2
  1389 | D:2      | Reached skill level 1 in Invocations
  1389 | D:2      | Reached XP level 3. HP: 19/29 MP: 3/3
  1876 | D:2      | Gained mutation: A meltable shield of frost defends you.
                  | (SH +4) [demonic ancestry]
  1876 | D:2      | Reached XP level 4. HP: 35/35 MP: 5/5
  2766 | D:3      | Noticed a water moccasin
  2783 | D:3      | Killed a water moccasin
  2784 | D:3      | Gained mutation: You are partially covered in sharp spines.
                  | [demonic ancestry]
  2784 | D:3      | Reached XP level 5. HP: 27/41 MP: 3/6
  3276 | D:3      | Noticed an ogre
  3283 | D:3      | Killed an ogre
  3284 | D:3      | Gained mutation: You have a pair of small antennae on your
                  | head. [demonic ancestry]
  3284 | D:3      | Reached XP level 6. HP: 47/47 MP: 4/8
  3386 | D:3      | Found an iron altar of Okawaru.
  3387 | D:3      | Found a shimmering altar of Xom.
  3893 | D:3      | Found a burning altar of Makhleb.
  4099 | D:4      | Noticed a sky beast
  4114 | D:4      | Killed a sky beast
  4343 | D:4      | Reached skill level 5 in Unarmed Combat
  4347 | D:4      | Reached XP level 7. HP: 47/52 MP: 7/10
  4399 | D:4      | Found a bloodstained altar of Trog.
  4409 | D:4      | Reached ** piety under Okawaru
  4629 | D:4      | Reached skill level 5 in Invocations
  4661 | D:4      | Reached skill level 1 in Dodging
  4668 | D:4      | Found a staircase to the Ecumenical Temple.
  4757 | D:4      | Learned a level 5 spell: Manifold Assault
  4799 | D:5      | Entered Level 5 of the Dungeon
  4846 | D:5      | Found a shimmering blue altar of Sif Muna.
  4919 | D:5      | Gained mutation: You are mostly covered in sharp spines.
                  | [demonic ancestry]
  4919 | D:5      | Reached XP level 8. HP: 42/61 MP: 9/12
  5393 | D:5      | Found a snail-covered altar of Cheibriados.
  5619 | D:6      | Reached skill level 5 in Fighting
  5674 | D:6      | Reached *** piety under Okawaru
  5855 | D:6      | Found an opulent altar of Gozag.
  5933 | D:6      | Gained mutation: You are mostly covered in icy blue scales.
                  | (AC +3) [demonic ancestry]
  5933 | D:6      | Reached XP level 9. HP: 69/69 MP: 14/14
  6316 | D:6      | Reached skill level 5 in Armour
  6412 | D:6      | Reached **** piety under Okawaru
  6615 | D:5      | Identified the +0 robe "Joel Jyh" {Int+4}
  6806 | D:7      | Reached skill level 5 in Dodging
  6930 | D:7      | Noticed a +0 hand axe
  6942 | D:7      | Found Puefag's Antique Weapon Shop.
  7495 | D:7      | Found a hide-covered altar of Uskayaw.
  7497 | D:7      | Noticed a +0 hand axe
  7678 | D:8      | Reached XP level 10. HP: 62/77 MP: 14/16
  8622 | D:9      | Found a shadowy altar of Dithmenos.
  9001 | D:9      | Identified the amulet of Cenashrutro {Reflect rElec Str+4
                  | Int-2 Dex+2 SH+5}
  9151 | D:10     | Entered Level 10 of the Dungeon
  9174 | D:10     | Noticed Erolcha
  9203 | D:10     | Killed Erolcha
  9203 | D:10     | Reached ***** piety under Okawaru
  9491 | D:10     | Noticed a two-headed ogre
  9499 | D:10     | Killed a two-headed ogre
  9702 | D:10     | Found Feabai's Jewellery Shoppe.
  9702 | D:10     | Noticed a gargoyle
  9709 | D:10     | Killed a gargoyle
  9762 | D:10     | Noticed Harold
  9783 | D:10     | Killed Harold
  9783 | D:10     | Identified the +0 pair of boots of Okawaru's Grace {SInv}
                  | (Okawaru gifted it to you on level 10 of the Dungeon)
  9783 | D:10     | Received a gift from Okawaru
 10007 | D:10     | Found a stormy altar of Qazlal.
 10456 | D:7      | Bought a glowing broad axe for 119 gold pieces
 10547 | D:11     | Noticed a two-headed ogre
 10556 | D:11     | Killed a two-headed ogre
 10557 | D:11     | Reached skill level 1 in Axes
 10557 | D:11     | Reached XP level 11. HP: 60/84 MP: 16/18
 10645 | D:11     | Found a gate leading to a gauntlet.
 10652 | Gauntlet | Entered a Gauntlet
 10652 | Gauntlet | Noticed a hell hog
 10652 | Gauntlet | Found a transporter.
 10652 | Gauntlet | Found a transporter.
 10655 | Gauntlet | Found a transporter.
 10658 | Gauntlet | Found a transporter.
 10665 | Gauntlet | Found a transporter.
 10669 | Gauntlet | Found a transporter.
 10670 | Gauntlet | Found a transporter.
 10682 | Gauntlet | Noticed a deep troll
 10682 | Gauntlet | a moth of wrath changed into a deep troll
 10687 | Gauntlet | Found a transporter.
 10708 | Gauntlet | Found a transporter.
 10725 | Gauntlet | Found a transporter.
 10733 | Gauntlet | Found a transporter.
 10804 | Gauntlet | Found a transporter.
 10820 | Gauntlet | Noticed a wolf spider
 10846 | Gauntlet | a wolf spider changed into a merfolk
 11197 | Gauntlet | Gained mutation: Your movements are slightly less
                  | encumbered by armour. (ER -2) [potion of mutation]
 11197 | Gauntlet | Gained mutation: You are strong-willed. (Will+) [potion of
                  | mutation]
 11197 | Gauntlet | Lost mutation: You are strong-willed. (Will+) [potion of
                  | mutation]
 11236 | Gauntlet | Killed a hell hog
 11237 | Gauntlet | Reached skill level 2 in Axes
 11237 | Gauntlet | Reached skill level 10 in Invocations
 11266 | Gauntlet | Identified the ring of Vynt {rN+ AC+4 Str+2 Int+6}
 11526 | Gauntlet | Reached skill level 3 in Axes
 11536 | Gauntlet | Noticed a bunyip
 11537 | Gauntlet | Identified the ring "Coheuhol" {rPois rF+ Str+5}
 11540 | Gauntlet | Noticed a fire dragon
 11540 | Gauntlet | a bunyip changed into a fire dragon
 11710 | Gauntlet | Noticed a bunyip
 11742 | Gauntlet | Noticed a minotaur
 11755 | Gauntlet | Killed a minotaur
 11987 | D:11     | Reached skill level 4 in Axes
 12144 | D:11     | Identified a scroll of acquirement
 12144 | D:11     | Acquired 1025 gold pieces
 12161 | D:11     | Learned a level 4 spell: Dispel Undead
 12313 | D:11     | Found a staircase to the Lair.
 12325 | D:11     | Reached skill level 1 in Necromancy
 12497 | D:11     | Noticed a seven-headed hydra
 12524 | D:11     | Killed a seven-headed hydra
 12525 | D:11     | Reached skill level 5 in Axes
 12906 | Lair:1   | Entered Level 1 of the Lair of Beasts
 12948 | D:12     | Found a staircase to the Orcish Mines.
 12982 | D:12     | Reached skill level 6 in Axes
 13664 | D:12     | Noticed a green ugly thing
 13673 | D:12     | Killed a green ugly thing
 13674 | D:12     | Gained mutation: You have a pair of antennae on your head.
                  | [demonic ancestry]
 13674 | D:12     | Reached XP level 12. HP: 94/94 MP: 20/20
 14222 | D:12     | Noticed a rakshasa
 14259 | D:12     | Received a gift from Okawaru
 14272 | D:12     | Reached skill level 7 in Axes
 14302 | D:12     | HP: 2/94 [orc knight/bolt (20)]
 14302 | D:12     | Killed a rakshasa
 14712 | D:12     | Noticed a six-headed hydra
 14712 | D:12     | Noticed a two-headed ogre
 14738 | D:12     | Killed a two-headed ogre
 14748 | D:12     | Killed a one-headed hydra
 14777 | D:12     | Noticed a six-headed hydra
 14789 | D:12     | Reached skill level 8 in Axes
 14793 | D:12     | Killed a one-headed hydra
 15480 | D:13     | Noticed a boulder beetle
 15526 | D:13     | Killed a boulder beetle
 15913 | D:13     | Noticed a boulder beetle
 15952 | D:13     | Killed a boulder beetle
 16625 | D:13     | Noticed a centaur warrior
 16632 | D:13     | Killed a centaur warrior
 16633 | D:13     | Reached skill level 9 in Axes
 16918 | D:13     | Noticed a tengu warrior
 16956 | D:13     | Killed a tengu warrior
 17006 | D:13     | Gained mutation: You have a pair of large antennae on your
                  | head. (SInv) [demonic ancestry]
 17006 | D:13     | Reached XP level 13. HP: 58/101 MP: 18/21
 18570 | D:14     | Identified the +8 plate armour of the Lair of Beasts {Fly
                  | rPois Str-2 Dex+7} (Okawaru gifted it to you on level 14 of
                  | the Dungeon)
 18570 | D:14     | Received a gift from Okawaru
 18710 | D:14     | Reached skill level 10 in Dodging
 18760 | D:14     | Reached skill level 10 in Axes
 18788 | D:14     | Reached skill level 5 in Shields
 19297 | D:14     | Reached skill level 10 in Fighting
 19511 | D:14     | Noticed an ironbound preserver
 19512 | D:14     | Found a gate to the Vaults.
 19589 | D:14     | Killed an ironbound preserver
 19592 | D:14     | Reached skill level 11 in Axes
 20016 | D:15     | Entered Level 15 of the Dungeon
 20113 | D:15     | Paralysed by an orc sorcerer for 5 turns
 20147 | D:15     | Found a staircase to the Depths.
 20246 | D:15     | Gained mutation: You are completely covered in sharp
                  | spines. [demonic ancestry]
 20246 | D:15     | Reached XP level 14. HP: 70/111 MP: 22/22
 21070 | D:15     | Received a gift from Okawaru
 21090 | D:15     | Reached skill level 12 in Axes
 21747 | Orc:1    | Entered Level 1 of the Orcish Mines
 21988 | Orc:1    | Noticed Maurice
 21994 | Orc:1    | Killed Maurice
 22077 | Orc:2    | Entered Level 2 of the Orcish Mines
 22156 | Orc:2    | Found Ygedag's General Store.
 22211 | Orc:2    | Found a staircase to the Elven Halls.
 22509 | Orc:2    | Found Mug Weng's Jewellery Boutique.
 22509 | Orc:2    | Found Kinawic's Weapon Emporium.
 22510 | Orc:2    | Found Wuynna's General Store.
 22510 | Orc:2    | Found Ylovuiteg's Magic Scroll Boutique.
 22513 | Orc:2    | Reached skill level 13 in Axes
 22522 | Orc:2    | Received a gift from Okawaru
 22558 | Orc:2    | Bought a scroll of teleportation for 48 gold pieces
 22558 | Orc:2    | Bought a scroll of teleportation for 48 gold pieces
 22558 | Orc:2    | Bought a scroll of fear for 56 gold pieces
 22558 | Orc:2    | Bought a scroll of fear for 56 gold pieces
 22558 | Orc:2    | Bought a scroll of magic mapping for 56 gold pieces
 22783 | Elf:1    | Entered Level 1 of the Elven Halls
 23640 | Lair:2   | Received a gift from Okawaru
 23745 | Lair:2   | Reached ****** piety under Okawaru
 23751 | Lair:2   | Reached skill level 14 in Axes
 23751 | Lair:2   | Reached XP level 15. HP: 98/120 MP: 23/23
 24665 | Lair:3   | Found a staircase to the Snake Pit.
 24856 | Lair:3   | Noticed Urug
 24864 | Lair:3   | Killed Urug
 25236 | Lair:3   | Found the +2 robe of Vines {NoPotionHeal Regen+++}
 25588 | Snake:1  | Entered Level 1 of the Snake Pit
 25688 | Lair:4   | Noticed Snorg
 25690 | Lair:4   | Noticed Sonja
 25696 | Lair:4   | Killed Snorg
 25701 | Lair:4   | Killed Sonja
 25840 | Lair:4   | Noticed Nergalle
 25852 | Lair:4   | Killed Nergalle
 26406 | Lair:4   | Found a staircase to the Swamp.
 27083 | Lair:5   | Reached skill level 15 in Axes
 27184 | Lair:5   | Found a staircase to the Slime Pits.
 27204 | Lair:5   | Identified the +0 helmet of Cyskuc {rPois rF+ Dex+2}
 27241 | Lair:5   | Identified the +10 war axe "Omno Huu" {venom, rC+ Str+4}
                  | (Okawaru gifted it to you on level 5 of the Lair of Beasts)
 27241 | Lair:5   | Received a gift from Okawaru
 27749 | Lair:6   | Entered Level 6 of the Lair of Beasts
 27953 | Lair:6   | Noticed Josephine
 27962 | Lair:6   | Killed Josephine
 28023 | Lair:6   | Got the Volume of the Secret Portals
 28305 | Lair:6   | Received a gift from Okawaru
 28927 | Lair:6   | Gained mutation: Your magical and physical power is
                  | slightly enhanced at high health. [demonic ancestry]
 28927 | Lair:6   | Reached XP level 16. HP: 121/129 MP: 25/25
 29314 | Lair:6   | Received a gift from Okawaru
 29539 | Swamp:1  | Entered Level 1 of the Swamp
 29555 | Swamp:1  | Reached skill level 5 in Necromancy
 29556 | Swamp:1  | Reached skill level 16 in Axes
 29871 | Swamp:1  | Identified the +5 ring mail "Micediat" {Slay+5} (Okawaru
                  | gifted it to you on level 1 of the Swamp)
 29871 | Swamp:1  | Received a gift from Okawaru
 30411 | Swamp:2  | Noticed a tentacled monstrosity
 30414 | Swamp:2  | Paralysed by a fenstrider witch for 7 turns
 30418 | Swamp:2  | HP: 3/130 [fenstrider witch (4)]
 30418 | Swamp:2  | Mangled by a spriggan rider

Illustrated notes

Levels and vault maps discovered:
D:1:      arrival_zaba_pyramid, layout_basic, ebering_ecumenical_altar_abandoned
D:2:      layout_basic, serial_curves, eino_curves_03, eino_curves_03
D:3:      layout_basic, marbit_many_paths, gammafunk_temple_overflow_pools,
          chequers_serial_rivers_marsh, minmay_puff
D:4:      layout_loops_cross, trog_ov_bears_minmay, temple_green,
          minmay_door_square, moated_statue
D:5:      layout_rooms, kennysheep_orc_sif_temple, kennysheep_slug_shrine
D:6:      layout_cave_pods, nicolae_overflow_hidden_temple,
          nicolae_gozag_seed_capital
D:7:      minmay_angry_zag, layout_cave_pools, dancing_weapons_uskayaw,
          serial_shops, shop, abandoned_shop
D:8:      layout_loops_cross
D:9:      layout_irregular_city, gammafunk_temple_overflow_wave
D:10:     layout_loops_corners, grunt_qazlal_sundering, serial_shops,
          nicolae_square_shop, uniq_erolcha, uniq_harold
D:11:     layout_irregular_city, erik_lair_orcish_takeover, serial_column_ruins,
          column_ruins_columns_plus, column_ruins_open_tiny,
          column_ruins_open_small, column_ruins_open_tiny_water,
          column_ruins_open_tiny, gauntlet_entry_generic
D:12:     minmay_the_grid_four_pointed_star_mashed
          [minmay_the_grid_triangle_9x9_cache,
          minmay_the_grid_triangle_9x9_swiss_cheese,
          minmay_the_grid_triangle_9x9_zippers_vertical,
          minmay_the_grid_triangle_9x9_empty,
          minmay_the_grid_prize_four_corners], layout_cave_pods, david_orc_5
D:13:     layout_long_grid, special_room [special_room_bee]
D:14:     minmay_opposing_rooms, layout_gridville,
          skrybe_vaults_entry_preservation, grunt_decor_clamped
D:15:     grunt_enter_depths_magical_seal, layout_loops_corners,
          grunt_decor_mini_mirrors
Lair:1:   layout_long_grid, infiniplex_staircase_pool, serial_bayou_shore_a
Lair:2:   layout_gridlike, serial_bayou_lagoon_a, roderic_batcave,
          grunt_megastairs_2
Lair:3:   layout_chaotic_city, guppyfry_snake_entry_garden,
          hellmonk_guarded_unrand_vines, infiniplex_staircase_pool_2, uniq_urug
Lair:4:   layout_layer_cave, swamp_mist, nicolae_lair_yak_garden,
          grunt_megastairs_1, uniq_snorg, uniq_nergalle, uniq_sonja
Lair:5:   layout_regular_city, slime_dummy, st_stairs_3
Lair:6:   minmay_lair_end_enchanted_forest, layout_layer_cave, uniq_josephine
Swamp:1:  layout_basic_swamp, evilmike_swamp_ruin_rubble_2, swamp_pool4,
          nicolae_swamp_alligator_family
Swamp:2:  layout_falls_marsh, nicolae_swamp_fairy_circle, swamp_pool5,
          nicolae_swamp_snake_nest
Snake:1:  layout_misc_corridors, serial_shops, shop,
          hellmonk_ghost_happy_afterlife, grunt_ministairs_15, st_stairs_13,
          nicolae_snake_boneroom
Orc:1:    layout_diamond_mine, uniq_maurice
Orc:2:    st_orc_ogre_mass, layout_caves, serial_shops, nicolae_diamond_shop,
          minmay_orc_barracks
Elf:1:    nicolae_elf_arrival_fired_up, layout_rooms, serial_shops,
          nicolae_shop_overgrown_old_shop, minmay_elf_sorcery

Skill      XL: |  1  2  3  4  5  6  7  8  9 10 11 12 13 14 15 16 |
---------------+-------------------------------------------------+-----
Shields        | 3 4 5 7 8 9 |  9.4
Unarmed Combat | 2 3 4 5 |  5.7
Invocations    | 1 2 3 4 5 7 8 9 10 11 12 | 12.0
Armour         | 3 4 5 7 8 9 |  9.4
Fighting       | 4 5 6 7 8 9 10 11 12 13 | 13.1
Dodging        | 1 3 6 8 9 10 | 10.0
Axes           | 1 6 9 11 14 15 16 | 16.3
Necromancy     | 2 4 5 |  5.4

Action                   |  1- 3 |  4- 6 |  7- 9 | 10-12 | 13-15 | 16-18 || total
-------------------------+-------+-------+-------+-------+-------+-------++-------
Melee: Unarmed           |   157 |   168 |   325 |   151 |     9 |       ||   810
       Quarterstaff      |       |       |     6 |       |       |       ||     6
       Broad axe         |       |       |       |   128 |   491 |   104 ||   723
       Short sword       |       |       |       |    25 |       |       ||    25
       Hand axe          |       |       |       |   284 |   436 |       ||   720
       War axe           |       |       |       |       |    40 |       ||    40
Invok: Heroism           |     1 |     3 |     8 |    26 |    13 |     1 ||    52
       Finesse           |       |       |     1 |    13 |     5 |       ||    19
  Use: Scroll            |     3 |       |     8 |     8 |    14 |     1 ||    34
       Potion            |       |       |       |    12 |       |       ||    12
 Stab: Invisible         |       |       |       |     1 |       |       ||     1
       Distracted        |       |       |       |       |    10 |     1 ||    11
Armor: Scale mail        |    74 |    62 |    69 |    37 |       |       ||   242
       Chain mail        |       |       |       |   149 |    60 |       ||   209
       Plate armour      |       |       |       |       |   266 |    39 ||   305
Dodge: Dodged            |    81 |    60 |    90 |   215 |   376 |    37 ||   859
Block: Buckler           |    32 |    91 |   256 |   406 |   904 |    89 ||  1778
       Other             |       |       |     1 |       |       |       ||     1
       Reflection        |       |       |     6 |    43 |    29 |     2 ||    80

Table legend: (Time is in decaauts)
 A = Elapsed time spent in this place.
 B = Non-inter-level travel time spent in this place.
 C = Inter-level travel time spent in this place.
 D = Time resting spent in this place.
 E = Time spent auto-exploring this place.
 F = Levels seen in this place.
 G = Mean time per level.
                   A        B        C        D        E       F      G
               +--------+--------+--------+--------+--------+-----+--------+
         Total |  29935 |  28665 |   1270 |   5299 |  17849 |  28 | 1069.1 |
       Dungeon |  20317 |  19342 |    975 |   4097 |  11750 |  15 | 1354.5 |
          Lair |   6585 |   6374 |    211 |    181 |   4889 |   6 | 1097.5 |
         Swamp |    866 |    860 |      6 |    153 |    530 |   2 |  433.0 |
     Snake Pit |      1 |      1 |      0 |      0 |      0 |   1 |    1.0 |
  Orcish Mines |   1038 |    961 |     77 |    143 |    513 |   2 |  519.0 |
   Elven Halls |      1 |      1 |      0 |      0 |      0 |   1 |    1.0 |
      Gauntlet |   1124 |   1124 |      0 |    725 |    167 |   1 | 1124.0 |
               +--------+--------+--------+--------+--------+-----+--------+

Top non-repeatable levels by time:
    D:13: 3327 daAuts
    D:12: 2136 daAuts
  Lair:6: 1696 daAuts
    D:15: 1610 daAuts
    D:14: 1441 daAuts
     D:2: 1333 daAuts
    D:11: 1331 daAuts
     D:1: 1305 daAuts
     D:3: 1273 daAuts
  Lair:4: 1260 daAuts
    D:10: 1255 daAuts
Gauntlet: 1124 daAuts
  Lair:3: 1052 daAuts
     D:6: 1005 daAuts
  Lair:2: 985 daAuts
